| TOP OF THE 1ST |
|
Erie SeaWolves batting - Pitching for Northwest Arkansas Naturals : RHP Brett Essary
|
|
Pitching: RHP Brett Essary
|
|
|
Batting: RHB Janne Vihko
|
0-0: Bunt for hit to 15 - play at first, batter OUT! 1-3
|
|
Batting: LHB Nick Nino
|
0-0: Ball 1-0: Called Strike 1-1: Ball 2-1: SINGLE (Groundball, 34D, EV 95.0 MPH)
|
|
Batting: SHB Willie Medina
|
0-0: Called Strike 0-1: Called Strike 0-2: Strikes out swinging
|
|
Batting: RHB Benny O'Connor
|
0-0: Called Strike 0-1: Ball 1-1: Ball 2-1: Called Strike 2-2: Fly out, F9 (Flyball, 9LM, EV 90.0 MPH)
|
| Top of the 1st over - 0 runs, 1 hit, 0 errors, 1 left on base; Erie 0 - Northwest Arkansas 0 |
| BOTTOM OF THE 1ST |
|
Northwest Arkansas Naturals batting - Pitching for Erie SeaWolves : RHP Jorge Castaneda
|
|
Pitching: RHP Jorge Castaneda
|
|
|
Batting: RHB Chad Sullivan
|
0-0: Ground out 6-3 (Groundball, 6, EV 109.4 MPH)
|
|
Batting: RHB Kevin Allen
|
0-0: Foul Ball, location: 2F 0-1: Foul Ball, location: 2F 0-2: Foul Ball, location: 2F 0-2: Ball 1-2: Ball 2-2: Foul Ball, location: 2F 2-2: Foul Ball, location: 2F 2-2: Foul Ball, location: 2F 2-2: Foul Ball, location: 2F 2-2: Ball 3-2: Strikes out swinging
|
|
Batting: LHB Edgar Ortiz
|
0-0: Ball 1-0: Ball 2-0: Foul Ball, location: 2F 2-1: SINGLE (Groundball, 56D, EV 99.4 MPH)
|
|
Batting: RHB Nick Julien
|
0-0: Ball 1-0: Foul Ball, location: 2F 1-1: Swinging Strike 1-2: Ball 2-2: Strikes out swinging
|
| Bottom of the 1st over - 0 runs, 1 hit, 0 errors, 1 left on base; Erie 0 - Northwest Arkansas 0 |
| TOP OF THE 2ND |
|
Erie SeaWolves batting - Pitching for Northwest Arkansas Naturals : RHP Brett Essary
|
|
Batting: RHB Joel Miller
|
0-0: Called Strike 0-1: Ball 1-1: Ball 2-1: Swinging Strike 2-2: Strikes out swinging
|
|
Batting: RHB Norm Wood
|
0-0: Ball 1-0: Ball 2-0: Ball 3-0: Base on Balls
|
|
Batting: LHB Afanasy Zasekin
|
0-0: Ball 1-0: Ball 2-0: SINGLE (Flyball, 78M, EV 99.4 MPH) Norm Wood to second
|
|
Batting: RHB German Quiroga
|
0-0: SINGLE (Line Drive, 34D, EV 99.4 MPH) Norm Wood to third Afanasy Zasekin to second Runner from 3rd tries for Home, SAFE, throw by RF to home
|
|
Batting: RHB Keith Hoffman
|
0-0: Fly out, F9 (Line Drive, 9, EV 90.0 MPH)
|
|
Batting: RHB Janne Vihko
|
0-0: Called Strike 0-1: Ball 1-1: Ball Wild Pitch! Afanasy Zasekin to third German Quiroga to second 2-1: Ground out 6-3 (Groundball, 6, EV 88.8 MPH)
|
| Top of the 2nd over - 1 run, 2 hits, 0 errors, 2 left on base; Erie 1 - Northwest Arkansas 0 |
| BOTTOM OF THE 2ND |
|
Northwest Arkansas Naturals batting - Pitching for Erie SeaWolves : RHP Jorge Castaneda
|
|
Batting: LHB Pablo Serrato
|
0-0: Foul Ball, location: 2F 0-1: Swinging Strike 0-2: Fly out, F4 (Flyball, 4MD, EV 85.6 MPH)
|
|
Batting: RHB Edwin Ramos
|
0-0: Foul Ball, location: 2F 0-1: SINGLE (Line Drive, 3D, EV 106.2 MPH)
|
|
Batting: LHB Danny Pacheco
|
0-0: Called Strike 0-1: Swinging Strike 0-2: Ball 1-2: Ball 2-2: Foul Ball, location: 2F 2-2: Fly out, F8 (Flyball, 8LM, EV 91.2 MPH)
|
|
Batting: RHB Jonas Fernandez
|
0-0: Called Strike 0-1: Ground out 2-3 (Groundball, 15S, EV 68.8 MPH)
|
| Bottom of the 2nd over - 0 runs, 1 hit, 0 errors, 1 left on base; Erie 1 - Northwest Arkansas 0 |
| TOP OF THE 3RD |
|
Erie SeaWolves batting - Pitching for Northwest Arkansas Naturals : RHP Brett Essary
|
|
Batting: LHB Nick Nino
|
0-0: Ball 1-0: Foul Ball, location: 2F 1-1: Called Strike 1-2: Strikes out looking
|
|
Batting: SHB Willie Medina
|
0-0: Foul Ball, location: 2F 0-1: Foul Ball, location: 2F 0-2: Foul Ball, location: 2F 0-2: Strikes out looking
|
|
Batting: RHB Benny O'Connor
|
0-0: Called Strike 0-1: Ground out 5-3 (Groundball, 56, EV 92.5 MPH)
|
| Top of the 3rd over - 0 runs, 0 hits, 0 errors, 0 left on base; Erie 1 - Northwest Arkansas 0 |
| BOTTOM OF THE 3RD |
|
Northwest Arkansas Naturals batting - Pitching for Erie SeaWolves : RHP Jorge Castaneda
|
|
Batting: RHB Adam Krieger
|
0-0: Called Strike 0-1: Ball 1-1: Ball 2-1: Ground out 6-3 (Groundball, 6S, EV 86.9 MPH)
|
|
Batting: RHB Chad Sullivan
|
0-0: Called Strike 0-1: Ball 1-1: Ground out 5-3 (Groundball, 56, EV 81.9 MPH)
|
|
Batting: RHB Kevin Allen
|
0-0: Called Strike 0-1: Ball 1-1: Ball 2-1: Ball 3-1: Base on Balls
|
|
Batting: LHB Edgar Ortiz
|
0-0: Ball 1-0: Ground out 4-3 (Groundball, 4S, EV 76.2 MPH)
|
| Bottom of the 3rd over - 0 runs, 0 hits, 0 errors, 1 left on base; Erie 1 - Northwest Arkansas 0 |
| TOP OF THE 4TH |
|
Erie SeaWolves batting - Pitching for Northwest Arkansas Naturals : RHP Brett Essary
|
|
Batting: RHB Joel Miller
|
0-0: Ball 1-0: Ball 2-0: Swinging Strike 2-1: Ball 3-1: Base on Balls
|
|
Batting: RHB Norm Wood
|
0-0: SINGLE (Groundball, 25, EV 68.1 MPH) (infield hit) Joel Miller to second
|
|
Batting: LHB Afanasy Zasekin
|
0-0: SINGLE (Groundball, 34S, EV 67.5 MPH) (infield hit) Joel Miller to third Norm Wood to second
|
|
Batting: RHB German Quiroga
|
0-0: Called Strike 0-1: Foul Ball, location: 2F 0-2: Ball 1-2: Foul Ball, location: 2F 1-2: Ball 2-2: Foul Ball, location: 2F 2-2: SINGLE (Groundball, 4MD, EV 95.6 MPH) Joel Miller scores Norm Wood to third Afanasy Zasekin to second Runner from 3rd tries for Home, SAFE, throw by CF to home
|
|
Batting: RHB Keith Hoffman
|
0-0: Ball 1-0: Called Strike 1-1: Foul Ball, location: 2F 1-2: SINGLE (Line Drive, 89S, EV 103.8 MPH) Afanasy Zasekin to third German Quiroga to second
|
|
Batting: RHB Janne Vihko
|
0-0: Ball 1-0: Ball 2-0: Called Strike 2-1: Called Strike 2-2: Ball 3-2: Strikes out swinging
|
|
Pitching: RHP Kevin Fleming
|
|
|
Batting: LHB Nick Nino
|
0-0: Called Strike 0-1: Ball 1-1: Ball 2-1: Foul Ball, location: 2F 2-2: Ball 3-2: Foul Ball, location: 2F 3-2: Foul Ball, location: 2F 3-2: Fly out, F7 (Flyball, 7LS, EV 82.5 MPH)
|
|
Batting: SHB Willie Medina
|
0-0: Ball 1-0: Foul Ball, location: 2F 1-1: Foul Ball, location: 2F 1-2: Foul Ball, location: 2F 1-2: Ball 2-2: Ball 3-2: Base on Balls Afanasy Zasekin scores German Quiroga to third Keith Hoffman to second
|
|
Batting: RHB Benny O'Connor
|
0-0: Ball Passed Ball! German Quiroga scores Keith Hoffman to third Willie Medina to second 1-0: Fly out, F9 (Flyball, 89M, EV 95.0 MPH)
|
| Top of the 4th over - 4 runs, 4 hits, 0 errors, 2 left on base; Erie 5 - Northwest Arkansas 0 |
| BOTTOM OF THE 4TH |
|
Northwest Arkansas Naturals batting - Pitching for Erie SeaWolves : RHP Jorge Castaneda
|
|
Batting: RHB Nick Julien
|
0-0: Ball 1-0: Called Strike 1-1: Swinging Strike 1-2: Strikes out swinging
|
|
Batting: LHB Pablo Serrato
|
0-0: Ball 1-0: Ball 2-0: Called Strike 2-1: Foul Ball, location: 2F 2-2: Strikes out swinging
|
|
Batting: RHB Edwin Ramos
|
0-0: Ball 1-0: Foul Ball, location: 2F 1-1: Ball 2-1: Ball 3-1: Called Strike 3-2: Foul Ball, location: 2F 3-2: SINGLE (Groundball, 56, EV 101.9 MPH) (infield hit)
|
|
Batting: LHB Danny Pacheco
|
0-0: Ball 1-0: Called Strike 1-1: Fly out, F8 (Flyball, 8RXD, EV 91.2 MPH)
|
| Bottom of the 4th over - 0 runs, 1 hit, 0 errors, 1 left on base; Erie 5 - Northwest Arkansas 0 |
| TOP OF THE 5TH |
|
Erie SeaWolves batting - Pitching for Northwest Arkansas Naturals : RHP Kevin Fleming
|
|
Batting: RHB Joel Miller
|
0-0: Ball 1-0: Ball 2-0: Ball 3-0: Base on Balls
|
|
Batting: RHB Norm Wood
|
0-0: Called Strike 0-1: Swinging Strike 0-2: Reached on error, E5 (Groundball, 56S, EV 68.1 MPH) Joel Miller to second
|
|
Batting: LHB Afanasy Zasekin
|
0-0: Called Strike 0-1: Ball 1-1: Ball 2-1: Ball 3-1: Base on Balls Joel Miller to third Norm Wood to second
|
|
Batting: RHB German Quiroga
|
0-0: Swinging Strike 0-1: Ball 1-1: Ball 2-1: Foul Ball, location: 2F 2-2: Ball 3-2: Base on Balls Joel Miller scores Norm Wood to third Afanasy Zasekin to second
|
|
Batting: RHB Keith Hoffman
|
0-0: Ball 1-0: Ball 2-0: Fly out, F9 (Flyball, 89M, EV 87.5 MPH) Runner from 3rd tags up, SCORES, throw by RF Afanasy Zasekin to third
|
|
Batting: RHB Janne Vihko
|
0-0: Called Strike 0-1: Ball 1-1: Swinging Strike 1-2: Foul Ball, location: 2F 1-2: Strikes out swinging
|
|
Batting: LHB Nick Nino
|
0-0: Foul Ball, location: 2F 0-1: Ground out 4-3 (Groundball, 34, EV 89.4 MPH)
|
| Top of the 5th over - 2 runs, 0 hits, 1 error, 2 left on base; Erie 7 - Northwest Arkansas 0 |
| BOTTOM OF THE 5TH |
|
Northwest Arkansas Naturals batting - Pitching for Erie SeaWolves : RHP Jorge Castaneda
|
|
Batting: RHB Jonas Fernandez
|
0-0: Called Strike 0-1: Ball 1-1: Foul Ball, location: 2F 1-2: Strikes out swinging
|
|
Batting: RHB Adam Krieger
|
0-0: Swinging Strike 0-1: Called Strike 0-2: Strikes out looking
|
|
Batting: RHB Chad Sullivan
|
0-0: Ball 1-0: Swinging Strike 1-1: Ball 2-1: Ball 3-1: Foul Ball, location: 2F 3-2: Foul Ball, location: 2F 3-2: Foul Ball, location: 2F 3-2: Ground out 6-3 (Groundball, 6, EV 88.1 MPH)
|
| Bottom of the 5th over - 0 runs, 0 hits, 0 errors, 0 left on base; Erie 7 - Northwest Arkansas 0 |
| TOP OF THE 6TH |
|
Erie SeaWolves batting - Pitching for Northwest Arkansas Naturals : RHP Kevin Fleming
|
|
Batting: SHB Willie Medina
|
0-0: Called Strike 0-1: Ball 1-1: Called Strike 1-2: Ball 2-2: Ball 3-2: Base on Balls
|
|
Pitching: RHP Justin Potts
|
|
|
Batting: RHB Benny O'Connor
|
0-0: Swinging Strike 0-1: Foul Ball, location: 2F 0-2: Fielders Choice at 2nd, 6-4 (Groundball, 6, EV 86.9 MPH)
|
|
Batting: RHB Joel Miller
|
0-0: Ball 1-0: Ball 2-0: Ball 3-0: Called Strike 3-1: Called Strike 3-2: Base on Balls Benny O'Connor to second
|
|
Batting: RHB Norm Wood
|
0-0: Called Strike 0-1: Ball 1-1: Ball 2-1: Ball 3-1: Foul Ball, location: 2F 3-2: Base on Balls Benny O'Connor to third Joel Miller to second
|
|
Batting: LHB Afanasy Zasekin
|
0-0: Fly out, F7 (Line Drive, 7, EV 101.2 MPH)
|
|
Batting: RHB German Quiroga
|
0-0: Ball 1-0: Fly out, F7 (Flyball, 78M, EV 89.4 MPH)
|
| Top of the 6th over - 0 runs, 0 hits, 0 errors, 3 left on base; Erie 7 - Northwest Arkansas 0 |
| BOTTOM OF THE 6TH |
|
Northwest Arkansas Naturals batting - Pitching for Erie SeaWolves : RHP Jorge Castaneda
|
|
Batting: RHB Kevin Allen
|
0-0: Fly out, F8 (Flyball, 8LS, EV 78.8 MPH)
|
|
Batting: LHB Edgar Ortiz
|
0-0: Swinging Strike 0-1: Ball 1-1: Swinging Strike 1-2: Strikes out looking
|
|
Batting: RHB Nick Julien
|
0-0: Ball 1-0: Ball 2-0: Swinging Strike 2-1: Foul Ball, location: 2F 2-2: Strikes out swinging
|
| Bottom of the 6th over - 0 runs, 0 hits, 0 errors, 0 left on base; Erie 7 - Northwest Arkansas 0 |
| TOP OF THE 7TH |
|
Erie SeaWolves batting - Pitching for Northwest Arkansas Naturals : RHP Justin Potts
|
|
Batting: RHB Keith Hoffman
|
0-0: Swinging Strike 0-1: Ball 1-1: Ball 2-1: Ball 3-1: Base on Balls
|
|
Batting: RHB Janne Vihko
|
0-0: Called Strike 0-1: Ball 1-1: Fielders Choice at 2nd, 5-4 (Groundball, 56S, EV 88.8 MPH)
|
|
Pitching: LHP Walter Whiteman
|
|
|
Batting: LHB Nick Nino
|
0-0: Called Strike 0-1: Ball 1-1: Fly out, F8 (Flyball, 89D, EV 105.0 MPH)
|
|
Batting: SHB Willie Medina
|
0-0: Ground out 4-3 (Groundball, 4, EV 103.1 MPH)
|
| Top of the 7th over - 0 runs, 0 hits, 0 errors, 1 left on base; Erie 7 - Northwest Arkansas 0 |
| BOTTOM OF THE 7TH |
|
Northwest Arkansas Naturals batting - Pitching for Erie SeaWolves : RHP Jorge Castaneda
|
|
Pinch Hitting: LHB David Bearden
|
0-0: Ball 1-0: Called Strike 1-1: Foul Ball, location: 2F 1-2: Ball 2-2: DOUBLE (Line Drive, 8RXD, EV 107.5 MPH)
|
|
Pitching: RHP Jared Barger
|
|
|
Batting: RHB Edwin Ramos
|
0-0: Called Strike 0-1: Swinging Strike 0-2: SINGLE (Groundball, 34D, EV 101.9 MPH) David Bearden to third
|
|
Batting: LHB Danny Pacheco
|
0-0: Ball 1-0: Ball Edwin Ramos steals 2nd base (no throw) 2-0: Ground out 4-3 (Groundball, 4, EV 97.5 MPH) David Bearden scores Edwin Ramos to third
|
|
Batting: RHB Jonas Fernandez
|
0-0: DOUBLE (Line Drive, 9LD, EV 108.8 MPH) Edwin Ramos scores
|
|
Batting: RHB Adam Krieger
|
0-0: Called Strike 0-1: Ball 1-1: Ball 2-1: Foul Ball, location: 2F 2-2: Foul Ball, location: 2F 2-2: Strikes out looking
|
|
Batting: RHB Chad Sullivan
|
0-0: Ball 1-0: Ball 2-0: SINGLE (Groundball, 4MS, EV 66.2 MPH) (infield hit) Jonas Fernandez to third
|
|
Batting: RHB Kevin Allen
|
0-0: Ball 1-0: Called Strike Chad Sullivan is caught stealing 2nd base 2-4
|
| Bottom of the 7th over - 2 runs, 4 hits, 0 errors, 1 left on base; Erie 7 - Northwest Arkansas 2 |
| TOP OF THE 8TH |
|
Erie SeaWolves batting - Pitching for Northwest Arkansas Naturals : LHP Walter Whiteman
|
|
Now in LF: David Bearden
|
|
|
Batting: RHB Benny O'Connor
|
0-0: Ball 1-0: Ball 2-0: Called Strike 2-1: Called Strike 2-2: Foul Ball, location: 2F 2-2: SINGLE (Groundball, 56S, EV 66.9 MPH) (infield hit)
|
|
Batting: RHB Joel Miller
|
0-0: Ball 1-0: Called Strike 1-1: Ball 2-1: Grounds into double play, 4-6-3 (Groundball, 4, EV 82.5 MPH)
|
|
Batting: RHB Norm Wood
|
0-0: Swinging Strike 0-1: Ball 1-1: Ball 2-1: Ground out 5-3 (Groundball, 56, EV 85.6 MPH)
|
| Top of the 8th over - 0 runs, 1 hit, 0 errors, 0 left on base; Erie 7 - Northwest Arkansas 2 |
| BOTTOM OF THE 8TH |
|
Northwest Arkansas Naturals batting - Pitching for Erie SeaWolves : RHP Jared Barger
|
|
Batting: RHB Kevin Allen
|
0-0: Ball 1-0: Swinging Strike 1-1: Foul Ball, location: 2F 1-2: Ball 2-2: Foul Ball, location: 2F 2-2: Ground out 4-3 (Groundball, 4, EV 86.9 MPH)
|
|
Batting: LHB Edgar Ortiz
|
0-0: Ball 1-0: Ball 2-0: Called Strike 2-1: Ball 3-1: Foul Ball, location: 2F 3-2: Ground out 6-3 (Groundball, 6, EV 82.5 MPH)
|
|
Batting: RHB Nick Julien
|
0-0: Called Strike 0-1: Ball 1-1: Ball 2-1: Ball 3-1: Fly out, F9 (Flyball, 9D, EV 86.9 MPH)
|
| Bottom of the 8th over - 0 runs, 0 hits, 0 errors, 0 left on base; Erie 7 - Northwest Arkansas 2 |
| TOP OF THE 9TH |
|
Erie SeaWolves batting - Pitching for Northwest Arkansas Naturals : LHP Walter Whiteman
|
|
Batting: LHB Afanasy Zasekin
|
0-0: Ground out 6-3 (Groundball, 6, EV 79.4 MPH)
|
|
Batting: RHB German Quiroga
|
0-0: Ball 1-0: Ball 2-0: Ball 3-0: Ground out U3 (Groundball, 34, EV 98.1 MPH)
|
|
Batting: RHB Keith Hoffman
|
0-0: Ball 1-0: Called Strike 1-1: Swinging Strike 1-2: Ball 2-2: Fly out, F9 (Line Drive, 9, EV 95.0 MPH)
|
| Top of the 9th over - 0 runs, 0 hits, 0 errors, 0 left on base; Erie 7 - Northwest Arkansas 2 |
| BOTTOM OF THE 9TH |
|
Northwest Arkansas Naturals batting - Pitching for Erie SeaWolves : RHP Jared Barger
|
|
Batting: LHB David Bearden
|
0-0: Ball 1-0: Ball 2-0: Ball 3-0: Called Strike 3-1: Called Strike 3-2: Ground out 5-3 (Groundball, 5, EV 85.6 MPH)
|
|
Batting: RHB Edwin Ramos
|
0-0: Foul Ball, location: 2F 0-1: Ball 1-1: Ball 2-1: Foul Ball, location: 2F 2-2: Foul Ball, location: 2F 2-2: Foul Ball, location: 2F 2-2: Fly out, F3 (Popup, 3L, EV 68.8 MPH)
|
|
Batting: LHB Danny Pacheco
|
0-0: Called Strike 0-1: Ball 1-1: Ball 2-1: SINGLE (Groundball, 15S, EV 71.2 MPH) (infield hit)
|
|
Pitching: RHP Rick Young
|
|
|
Batting: RHB Jonas Fernandez
|
0-0: Ball 1-0: Called Strike 1-1: Foul Ball, location: 2F 1-2: Foul Ball, location: 2F 1-2: Ball 2-2: Fielders Choice at 2nd, 5-4 (Groundball, 5, EV 78.1 MPH)
|
| Bottom of the 9th over - 0 runs, 1 hit, 0 errors, 1 left on base; Erie 7 - Northwest Arkansas 2 |
|